 Dungeon Crawl Stone Soup version 0.19.1-1-g22dce08 (console) character file.

107886 Kloppie the Fencer (level 16, -1/223 HPs)
             Began as a Black Draconian Berserker on Jan 9, 2017.
             Was the Champion of Trog.
             Drowned by a water elemental (3 damage)
             ... on level 1 of the Shoals.
             The game lasted 00:44:01 (25657 turns).

Kloppie the Fencer (Black Draconian Berserker)     Turns: 25657, Time: 00:44:01

Health: -1/223     AC: 16    Str: 26    XL:     16   Next: 1%
Magic:  16/16      EV: 25    Int: 12    God:    Trog [******]
Gold:   2519       SH:  0    Dex: 21    Spells: 0 memorised, 15 levels left

rFire  . . .     SeeInvis +     a - +3 great sword (elec)
rCold  . . .     Gourm    .     (armour unavailable)
rNeg   . . .     Faith    .     (shield currently unavailable)
rPois  +         Spirit   .     v - +3 crown of Dyrovepreva {rElec Int+2 SInv}
rElec  +         Reflect  .     d - +2 cloak
rCorr  .         Harm     .     (no gloves)
MR     ++++.                    H - +0 pair of boots of Agoraphobia {Int+2} (curse)
Stlth  ..........               J - amulet of regeneration
                                S - ring of protection from magic (curse)
                                T - ring "Okuf" {rElec rPois Dex+5}

@: berserking, engulfed (cannot breathe), regenerating, very quick
A: breathe lightning, unfitting armour, big wings, stinger 1, electricity
resistance, no device heal 1, cold-blooded, AC +9
a: Breathe Lightning, Fly, Berserk, Trog's Hand, Brothers in Arms, Burn
Spellbooks, Renounce Religion


You were on level 1 of the Shoals.
You worshipped Trog.
Trog was exalted by your worship.
You were not hungry.

You visited 4 branches of the dungeon, and saw 24 of its levels.
You also visited: Labyrinth and Ice Cave.

You collected 2519 gold pieces.

Inventory:

Hand Weapons
 a - a +3 great sword of electrocution (weapon)
 b - a +3 scimitar of flaming
 Q - a +1 triple sword of slicing
Armour
 d - a +2 cloak (worn)
 v - the +3 crown of Dyrovepreva (worn) {rElec Int+2 SInv}
   (You found it on level 4 of the Dungeon)

   It affects your intelligence (+2).
   It insulates you from electricity.
   It lets you see invisible.
 H - the cursed +0 pair of boots of Agoraphobia (worn) {Int+2}
   (You found it on level 6 of the Lair of Beasts)

   It affects your intelligence (+2).
   It has a curse placed upon it.
Jewellery
 y - an uncursed ring of protection from magic
 C - an uncursed ring of protection from fire
 J - an amulet of regeneration (around neck)
 S - a cursed ring of protection from magic (right hand)
 T - the ring "Okuf" (left hand) {rElec rPois Dex+5}
   (You found it on level 15 of the Dungeon)

   [ring of poison resistance]

   It affects your dexterity (+5).
   It insulates you from electricity.
   It protects you from poison.
Wands
 m - a wand of flame (17/48)
 K - a wand of digging (8/24)
 L - a wand of teleportation (6/9)
Scrolls
 c - 2 scrolls of enchant weapon
 e - 2 scrolls of recharging
 f - 10 scrolls of remove curse
 i - 4 scrolls of blinking
 k - 2 scrolls of magic mapping
 n - 11 scrolls of teleportation
 r - 2 scrolls of fear
 u - 2 scrolls of acquirement
 w - 3 scrolls of enchant armour
 x - a scroll of fog
 E - 2 scrolls of identify
Potions
 g - 2 potions of cure mutation
 l - 12 potions of curing
 o - 4 potions of might
 A - 5 potions of heal wounds
 B - a potion of cancellation
Comestibles
 h - 5 beef jerkies
 j - 10 chunks of flesh
 p - 7 slices of pizza
 q - 10 meat rations
 t - 15 fruits
 F - 5 bread rations


   Skills:
 + Level 15.6 Fighting
 - Level 18.8 Long Blades
 - Level 14.3 Dodging


You had 15 spell levels left.
You didn't know any spells.

Dungeon Overview and Level Annotations

Branches:
Dungeon (15/15)            Temple (0/1) D:5            Lair (6/6) D:11
 Shoals (1/4) Lair:2       Spider (0/4) Lair:4        Slime (0/5) Lair:6
    Orc (2/2) D:11            Elf (0/3) Orc:2        Vaults (0/5) D:13
 Depths (0/5) D:15

Altars:
Fedhas
Gozag
Hepliaklqana
Okawaru
Qazlal
Vehumet
Zin
The Shining One
Beogh
Jiyva

Shops:
D:9 }   Orc:1 %   Orc:2 :[*


Innate Abilities, Weirdness & Mutations

You can breathe wild blasts of lightning.
Your glossy black scales are hard. (AC +9)
You cannot fit into any form of body armour.
Your large and strong wings let you fly indefinitely.
You are resistant to electric shocks. (rElec)
You are cold-blooded and may be slowed by cold attacks.
Your tail ends in a poisonous barb.
Potions and wands are less effective at restoring your health.


Message History

The merfolk aquamancer is moderately wounded.
* * * LOW HITPOINT WARNING * * *
Your lungs strain for air!
The water elemental misses you. The merfolk completely misses you.
You slice the merfolk aquamancer!!
The merfolk aquamancer is severely wounded.
* * * LOW HITPOINT WARNING * * *
Your lungs strain for air!
The merfolk aquamancer gestures at you while chanting.
The ball of steam hits you!
* * * LOW HITPOINT WARNING * * *
You slice the merfolk aquamancer!!
You kill the merfolk aquamancer!
Trog accepts your kill.
Trog appreciates your killing of a magic user.
You have reached level 16!
You feel agile.
You are engulfed in a cloud of scalding steam.
* * * LOW HITPOINT WARNING * * *
You die...

≈≈≈≈≈... ≈≈... ≈≈≈≈#...
≈≈≈.. ≈≈≈.##.. ≈≈.. ≈
#.. ≈≈..##### #### .
#..#§.# #.##
...##...§§## ##.##
......Em§§≈## ##≈≈..
.≈....≈@≈≈≈≈### ###≈≈≈≈≈
≈≈....)≈≈≈≈≈≈≈###^...≈≈≈
≈≈.###.≈≈≈≈≈≈≈≈≈≈.###.≈≈
. #.≈≈≈≈≈≈≈≈≈≈.# #.≈≈
#.≈≈≈≈≈≈≈≈≈≈.###.≈≈
..≈≈≈≈≈≈≈≈≈≈≈....≈≈≈
≈≈≈≈≈≈≈≈≈≈≈≈≈≈≈≈≈≈≈≈
≈≈≈≈≈≈≈≈≈≈≈≈≈≈≈≈≈≈≈≈≈
≈≈≈≈≈≈≈≈≈≈≈≈≈≈≈≈≈≈≈


You could see a merfolk and a water elemental.

Vanquished Creatures
  Rupert (D:13)
  A dire elephant (D:15)
  Azrael (D:12)
  An ettin (Orc:2)
  A minotaur (Lab)
  A merfolk impaler (Shoals:1)
  Josephine (Orc:1)
  5 vault guards (D:13)
  9 hydras
  Erica (Lair:2)
  An anaconda (Lair:4)
  2 centaur warriors
  2 ogre magi (D:15)
  A death knight (D:15)
  A merfolk aquamancer (Shoals:1)
  4 death yaks (Lair:6)
  Urug (D:10)
  3 skeletal warriors (D:12)
  6 unseen horrors
  Pikel (D:5)
  A phantasmal warrior (D:15)
  8 hill giants
  8 orc knights
  A lindwurm (Lair:6)
  3 orc sorcerers
  3 cyclopes
  2 deep elf magi (D:13)
  10 ugly things
  A manticore (D:11)
  A salamander (D:15)
  A slime creature (Lair:6)
  21 elephants
  2 ice statues (IceCv)
  8 black mambas
  A siren (Lair:2)
  Psyche (D:8)
  A gargoyle (D:13)
  A centaur skeleton (D:15)
  11 spiny frogs
  2 kobold demonologists (D:13)
  14 komodo dragons
  2 freezing wraiths (D:15)
  A rime drake (Lair:4)
  A tengu conjurer (D:13)
  An efreet (D:15)
  A yaktaur (D:13)
  A troll (shapeshifter) (D:13)
  5 merfolk
  9 trolls
  5 hornets
  5 polar bears
  7 blink frogs
  4 two-headed ogres
  A blink frog (shapeshifter) (D:12)
  A meliai zombie (D:15)
  A snapping turtle (Shoals:1)
  13 dream sheep
  7 hippogriffs
  A harpy skeleton (D:15)
  A redback (Lair:6)
  10 spriggans (Lair:6)
  An air elemental (Orc:2)
  3 fire elementals
  A shadow (D:15)
  34 yaks
  Grum (D:8)
  4 wraiths
  A wyvern (D:12)
  A human (D:13)
  2 water elementals
  4 basilisks
  3 hungry ghosts
  11 wargs
  Edmund (D:5)
  3 vampire mosquitoes (D:14)
  18 water moccasins
  2 hell hounds
  6 porcupines
  Duvessa (D:7)
  4 slaves (D:5)
  40 orc warriors
  3 eyes of draining
  3 sky beasts
  A hornet zombie (D:13)
  9 ice beasts
  7 black bears
  A phantom (D:14)
  4 boggarts (Lair:6)
  44 wolves
  16 ogres
  3 centaurs
  6 big kobolds
  8 crocodiles
  14 bullfrogs
  Dowan (D:7)
  A wyvern skeleton (D:12)
  A scorpion (D:7)
  9 killer bees
  11 wights
  6 howler monkeys
  An electric eel (D:15)
  2 crimson imps
  4 centaur zombies
  9 orc priests
  2 bullfrog zombies
  A jelly (D:9)
  19 orc wizards
  3 hounds
  Terence (D:2)
  4 iguanas
  10 worker ants
  A hound skeleton (D:4)
  A worker ant zombie (D:8)
  8 adders
  4 gnolls (D:3)
  4 shadow imps
  12 white imps (D:13)
  3 adder skeletons
  3 worms
  4 leopard geckos
  77 orcs
  8 giant cockroaches
  6 goblins
  8 hobgoblins
  11 jackals
  5 quokkas
  8 bats
  5 frilled lizards
  4 goblin zombies (D:8)
  2 hobgoblin zombies (D:8)
  A jackal skeleton (D:4)
  12 kobolds
  2 kobold zombies (D:8)
  An orc skeleton (D:8)
  An orc zombie (D:8)
  A quokka zombie (D:5)
  7 rats
766 creatures vanquished.

Vanquished Creatures (others)
  An orc priest (D:15)
  An orc (D:15)
  8 fungi
  8 plants
18 creatures vanquished.

Grand Total: 784 creatures vanquished

Notes
Turn   | Place    | Note
-------+----------+-------------------------------------------
     0 | D:1      | Kloppie the Draconian Berserker began the quest for the Orb.
     0 | D:1      | Reached XP level 1. HP: 19/19 MP: 1/1
    34 | D:1      | Reached XP level 2. HP: 26/26 MP: 2/2
   485 | D:2      | Reached XP level 3. HP: 25/31 MP: 3/3
   855 | D:2      | Reached ** piety under Trog
   919 | D:2      | Found a radiant altar of Vehumet.
   964 | D:2      | Noticed Terence
   970 | D:2      | Killed Terence
   970 | D:2      | Reached skill level 4 in Long Blades
   970 | D:2      | Reached XP level 4. HP: 40/40 MP: 4/4
  1980 | D:3      | Reached XP level 5. HP: 46/46 MP: 5/5
  2100 | D:3      | Found an opulent altar of Gozag.
  2117 | D:3      | Found a glowing golden altar of the Shining One.
  2120 | D:3      | Found a blossoming altar of Fedhas.
  2564 | D:4      | Reached *** piety under Trog
  2567 | D:4      | Reached XP level 6. HP: 55/55 MP: 6/6
  2874 | D:4      | Reached skill level 5 in Fighting
  3012 | D:4      | Reached skill level 5 in Long Blades
  3526 | D:5      | Entered Level 5 of the Dungeon
  3603 | D:5      | Found a staircase to the Ecumenical Temple.
  3615 | D:5      | Noticed Edmund
  3628 | D:5      | Killed Edmund
  3628 | D:5      | Your scales start taking on a glossy black colour.
  3628 | D:5      | Reached XP level 7. HP: 61/61 MP: 7/7
  3628 | D:5      | Gained mutation: You are resistant to electric shocks. (rElec) [Black Draconian growth]
  4329 | D:5      | Noticed Pikel
  4520 | D:5      | Got a fine amber ring
  4521 | D:5      | Identified the ring "Oschijae" {rPois rF- Int+3 Dex+5} (You found it on level 5 of the Dungeon)
  4539 | D:5      | Reached skill level 6 in Long Blades
  4539 | D:5      | Reached skill level 5 in Dodging
  4811 | D:5      | Killed Pikel
  4811 | D:5      | Reached XP level 8. HP: 73/73 MP: 8/8
  5262 | D:6      | Found a stormy altar of Qazlal.
  5309 | D:6      | Reached skill level 7 in Long Blades
  5373 | D:6      | Found a hazy altar of Hepliaklqana.
  5819 | D:7      | Got a slimy spear
  5857 | D:7      | Identified the +9 spear "Qysits" {flame, rF+ Str+2 Stlth+} (You found it on level 7 of the Dungeon)
  5910 | D:7      | Reached XP level 9. HP: 73/81 MP: 9/9
  5917 | D:7      | Noticed Duvessa
  5917 | D:7      | Noticed Dowan
  5927 | D:7      | Killed Duvessa
  5935 | D:7      | Killed Dowan
  6050 | D:7      | Reached **** piety under Trog
  6267 | D:8      | Reached skill level 8 in Long Blades
  6779 | D:8      | Noticed Grum
  6782 | D:8      | Noticed Psyche
  6802 | D:8      | Killed Psyche
  6802 | D:8      | Reached skill level 9 in Long Blades
  6808 | D:8      | Killed Grum
  7287 | D:8      | Reached XP level 10. HP: 92/92 MP: 10/10
  7369 | D:8      | Reached skill level 10 in Fighting
  7502 | D:8      | Found a glowing golden altar of the Shining One.
  7742 | D:8      | Reached ***** piety under Trog
  8042 | D:8      | Noticed a two-headed hydra
  8056 | D:8      | Killed a four-headed hydra
  9141 | D:9      | Found Viucutep's Gadget Shoppe.
  9261 | D:9      | Found a glowing silver altar of Zin.
  9503 | D:9      | Reached skill level 10 in Long Blades
  9526 | D:10     | Entered Level 10 of the Dungeon
  9653 | D:10     | Noticed Urug
  9682 | D:10     | Killed Urug
 10197 | D:10     | Paralysed by a hornet for 3 turns
 10203 | D:10     | Reached XP level 11. HP: 76/102 MP: 11/11
 10606 | D:10     | Noticed a hill giant
 10612 | D:10     | Killed a hill giant
 10612 | D:10     | Received a gift from Trog
 11048 | D:10     | Identified a scroll of acquirement
 11049 | D:10     | Got a bloodstained quick blade
 11081 | D:11     | Noticed an unseen horror
 11169 | D:11     | Found a staircase to the Orcish Mines.
 11176 | D:11     | Noticed a hill giant
 11182 | D:11     | Killed a hill giant
 11372 | D:11     | Noticed an unseen horror
 11372 | D:11     | Found a staircase to the Lair.
 11383 | D:11     | Killed an unseen horror
 11452 | D:11     | Reached skill level 10 in Dodging
 11506 | D:11     | Noticed a white ugly thing
 11514 | D:11     | Killed a white ugly thing
 11545 | D:11     | Noticed a green ugly thing
 11563 | D:11     | Killed a green ugly thing
 11563 | D:11     | Reached skill level 11 in Long Blades
 11933 | D:11     | Noticed an unseen horror
 11940 | D:11     | Killed an unseen horror
 12058 | Lair:1   | Entered Level 1 of the Lair of Beasts
 12404 | Lair:1   | Noticed a four-headed hydra
 12420 | Lair:1   | Killed a four-headed hydra
 12917 | Lair:2   | Reached XP level 12. HP: 76/113 MP: 12/12
 13071 | Lair:2   | Noticed Erica
 13081 | Lair:2   | Killed Erica
 13081 | Lair:2   | Reached skill level 12 in Long Blades
 13591 | Lair:2   | Found a staircase to the Shoals.
 14313 | Lair:3   | Reached skill level 13 in Long Blades
 14562 | Lair:3   | Noticed a six-headed hydra
 14570 | Lair:3   | Killed a four-headed hydra
 14887 | Lair:3   | Reached XP level 13. HP: 84/124 MP: 13/13
 15368 | Lair:4   | Found a hole to the Spider Nest.
 16068 | Lair:4   | Reached skill level 14 in Long Blades
 17441 | Orc:1    | Entered Level 1 of the Orcish Mines
 17519 | Orc:1    | Found Fittun's Food Emporium.
 17667 | Orc:1    | Noticed Josephine
 17674 | Orc:1    | Reached ****** piety under Trog
 17679 | Orc:1    | Killed Josephine
 17679 | Orc:1    | Received a gift from Trog
 18241 | D:12     | Reached skill level 15 in Long Blades
 18380 | D:12     | Gained mutation: Your large and strong wings let you fly indefinitely. [Black Draconian growth]
 18380 | D:12     | Reached XP level 14. HP: 106/132 MP: 12/14
 18931 | D:13     | Found a frozen archway.
 18976 | IceCv    | Entered an ice cave
 19488 | D:13     | Gained mutation: Potions and wands are less effective at restoring your health. [a neqoxec]
 19849 | D:13     | Noticed Azrael
 19996 | D:12     | Killed Azrael
 19996 | D:12     | Reached skill level 16 in Long Blades
 20074 | D:13     | Received a gift from Trog
 20075 | D:13     | Got a steaming long sword {god gift}
 20090 | D:13     | Identified the +10 long sword of Hequkoj {freeze, Stlth+} (Trog gifted it to you on level 13 of the Dungeon)
 20096 | D:13     | Found an iron altar of Okawaru.
 20147 | D:13     | Noticed Rupert
 20170 | D:13     | Killed Rupert
 20642 | D:13     | Found a gate to the Vaults.
 20926 | Lair:6   | Entered Level 6 of the Lair of Beasts
 21250 | Lair:6   | Found a runed door.
 21250 | Lair:6   | Found a viscous altar of Jiyva.
 21267 | Lair:6   | Reached XP level 15. HP: 123/138 MP: 15/15
 21276 | Lair:6   | Found a staircase to the Slime Pits.
 21283 | Lair:6   | Reached skill level 17 in Long Blades
 21354 | Lair:6   | Gained mutation: Your tail ends in a poisonous barb. [potion of beneficial mutation]
 21499 | Lair:6   | Got a pair of spiked boots
 21505 | Lair:6   | Identified the cursed +0 pair of boots of Agoraphobia {Int+2} (You found it on level 6 of the Lair of Beasts)
 22214 | Orc:2    | Entered Level 2 of the Orcish Mines
 22334 | Orc:2    | Received a gift from Trog
 22355 | Orc:2    | Found a roughly hewn altar of Beogh.
 22613 | Orc:2    | Reached skill level 18 in Long Blades
 22663 | Orc:2    | Found Ezekolik's Assorted Antiques.
 22690 | Orc:2    | Found Turopn's General Store.
 22879 | Orc:2    | Found a roughly hewn altar of Beogh.
 22908 | Orc:2    | Found Tilodghe's Armour Shoppe.
 22908 | Orc:2    | Found Pastudy's Book Shop.
 22974 | Orc:2    | Found a staircase to the Elven Halls.
 23866 | D:15     | Entered Level 15 of the Dungeon
 23883 | D:15     | Found a labyrinth entrance.
 23902 | Lab      | Entered a labyrinth
 24398 | D:15     | Received a gift from Trog
 24741 | D:15     | Found a staircase to the Depths.
 24911 | D:15     | Reached skill level 15 in Fighting
 24947 | D:15     | Got a slimy jade ring
 24948 | D:15     | Identified the ring "Okuf" {rElec rPois Dex+5} (You found it on level 15 of the Dungeon)
 25519 | Shoals:1 | Entered Level 1 of the Shoals
 25656 | Shoals:1 | HP: 3/211 [merfolk aquamancer/ball of steam (13)]
 25657 | Shoals:1 | Reached XP level 16. HP: 4/149 MP: 16/16
 25657 | Shoals:1 | Drowned by a water elemental

Skill      XL: |  1  2  3  4  5  6  7  8  9 10 11 12 13 14 15 |
---------------+----------------------------------------------+-----
Dodging        | 3 4 5 6 8 9 10 11 13 14 | 14.3
Long Blades    | 4 5 6 7 9 10 11 13 15 16 18 | 18.8
Fighting       | 4 5 7 8 9 11 12 14 15 | 15.6

Action                   |  1- 3 |  4- 6 |  7- 9 | 10-12 | 13-15 | 16-18 || total
-------------------------+-------+-------+-------+-------+-------+-------++-------
Melee: Falchion          |   102 |   199 |   380 |    80 |       |       ||   761
       Tailslap          |     9 |    42 |    85 |   134 |   341 |       ||   611
       Long sword        |       |       |    35 |    87 |    35 |       ||   157
       Double sword      |       |       |       |   420 |   722 |       ||  1142
       Spear             |       |       |       |    20 |       |       ||    20
       Scimitar          |       |       |       |     3 |    29 |       ||    32
       Great sword       |       |       |       |       |   628 |       ||   628
Invok: Berserk           |     2 |     4 |     7 |     8 |    23 |       ||    44
       Trog's Hand       |       |     1 |     1 |       |     8 |       ||    10
 Abil: Breathe Lightning |       |       |       |       |     1 |       ||     1
  Use: Potion            |       |     6 |     7 |       |     3 |       ||    16
       Scroll            |       |     5 |     4 |    13 |    11 |       ||    33
 Stab: Sleeping          |       |     7 |     6 |     4 |     3 |       ||    20
       Distracted        |       |       |       |     3 |       |       ||     3
  Eat: Chunk             |     1 |    13 |    19 |    42 |    45 |       ||   120
       Pizza             |       |       |       |       |     1 |       ||     1
       Royal jelly       |       |       |       |       |     1 |       ||     1
       Bread ration      |       |       |       |       |     3 |       ||     3
Armor: Skin              |    31 |    68 |   148 |   147 |   333 |       ||   727
Dodge: Dodged            |    73 |   152 |   307 |   610 |  1370 |       ||  2512
       Rpst.: Falchion   |    19 |    47 |   100 |     9 |       |       ||   175
       Long sword        |       |       |     7 |    20 |     9 |       ||    36
       Double sword      |       |       |       |   142 |   202 |       ||   344
       Scimitar          |       |       |       |     1 |     8 |       ||     9
       Great sword       |       |       |       |       |   133 |       ||   133
